 Dungeon Crawl Stone Soup version 0.31-a0-1008-g5b978dac0e (webtiles) character file.

Game seed: 11405652381591078841

525584 BinkBink the Impregnable (level 24, -12/218 (240) HPs)
             Began as a Minotaur Fighter on Nov 11, 2023.
             Was the Champion of Okawaru.
             Killed by the air
             ... invoked by a titan
              (17 damage)
             ... while paralysed by a sphinx
             ... on level 5 of the Vaults on Nov 12, 2023.
             The game lasted 03:22:02 (83723 turns).

BinkBink the Impregnable (Minotaur Fighter)        Turns: 83723, Time: 03:22:03

HP:   -12/218 (240) AC: 42    Str: 37    XL:     24   Next: 79%
MP:   31/31         EV:  2    Int:  5    God:    Okawaru [******]
Gold: 3045          SH:  0    Dex: 14    Spells: 23/23 levels left

rFire   + + +        j - +8 broad axe of Wurujeof {holy, Str+5}
rCold   + + +        p - +3 kite shield of Parlour Games {rElec rN+}
rNeg    + . .        S - +5 gold dragon scales
rPois   +            E - +0 hat
rElec   +            z - +5 cloak of Dywnosh {rC+ Regen+ Dex+3}
rCorr   +            c - +3 pair of gloves of the Comet {-Cast rF+++ rC+ rCorr}
SInv    +            m - +0 pair of boots
Will    +....        x - amulet of reflection Stlth
                     w - ring of the Octopus King {rF+ HP+2 AC+2 EV+2 SH+2}
HPRegen 1.36/turn    k - ring of see invisible
MPRegen 0.22/turn

%: no spellcasting, reflection
@: confused, paralysed, about to teleport, marked, corroded, drained
A: horns 2, retaliatory headbutt, cold resistance 1
}: 2/15 runes: serpentine, barnacled
a: Renounce Religion, Heroism, Finesse, Duel


You were on level 5 of the Vaults.
You worshipped Okawaru.
Okawaru was exalted by your worship.
You visited 10 branches of the dungeon, and saw 48 of its levels.
You visited the Abyss 2 times.
You also visited: Bailey, Ice Cave and Desolation.

You collected 5695 gold pieces.
You spent 2650 gold pieces at shops.

Inventory:

Hand Weapons
 j - the +8 broad axe of Wurujeof (weapon) {holy, Str+5}
   (You took it off a centaur warrior on level 9 of the Dungeon)

   Str+5:     It affects your strength (+5).
Missiles
 q - 40 silver javelins (quivered)
 t - 5 datura-tipped darts
 y - 18 javelins
 J - 60 boomerangs
 Q - 2 throwing nets
 X - 26 atropa-tipped darts
 Y - 12 curare-tipped darts
Armour
 c - the +3 pair of gloves of the Comet (worn) {-Cast rF+++ rC+ rCorr}
   (Okawaru gifted it to you on level 9 of the Dungeon)

   rF+++:     It renders you almost immune to fire.
   rC+:       It protects you from cold.
   -Cast:     It prevents spellcasting.
   rCorr:     It protects you from acid and corrosion.
 m - a +0 pair of boots (worn)
 p - the +3 kite shield of Parlour Games (worn) {rElec rN+}
   (You acquired it on level 3 of the Elven Halls)

   rElec:     It insulates you from electricity.
   rN+:       It protects you from negative energy.
 z - the +5 cloak of Dywnosh (worn) {rC+ Regen+ Dex+3}
   (You acquired it on level 3 of the Elven Halls)

   Dex+3:     It affects your dexterity (+3).
   rC+:       It protects you from cold.
   Regen+:    It increases your rate of health regeneration.
 E - a +0 hat (worn)
 S - +5 gold dragon scales (worn)
Jewellery
 f - a +4 ring of protection
 k - a ring of see invisible (right hand)
 s - a +4 ring of protection
 w - a ring of the Octopus King (left hand) {rF+ HP+2 AC+2 EV+2 SH+2}
   (You found it on level 1 of the Shoals)

   [ring of protection from fire]

   AC+2:      It affects your AC (+2).
   EV+2:      It affects your evasion (+2).
   rF+:       It protects you from fire.
   HP+2:      It affects your health (+2).
   SH+2:      It affects your SH (+2).
 x - an amulet of reflection (around neck)
 A - a ring of flight
 G - the amulet of Dohinam {Acrobat Str+6}
   (You found it in the Desolation of Salt)

   [amulet of the acrobat]

   Acrobat:   It increases your evasion while moving and waiting.
   Str+6:     It affects your strength (+6).
Wands
 e - a wand of polymorph (6)
 u - a wand of digging (35)
 I - a wand of iceblast (9)
 K - a wand of flame (23)
Scrolls
 a - 6 scrolls of fog
 b - 2 scrolls of revelation
 g - 8 scrolls of teleportation
 l - 14 scrolls of enchant weapon
 C - 6 scrolls of fear
 D - 3 scrolls of silence
 L - 2 scrolls of torment
 M - 3 scrolls of blinking
 P - 4 scrolls of immolation
 R - 9 scrolls of poison
 T - 4 scrolls of brand weapon
Potions
 d - 5 potions of brilliance
 h - 21 potions of curing
 i - 3 potions of mutation
 n - 2 potions of ambrosia
 o - 5 potions of enlightenment
 r - 3 potions of berserk rage
 v - 6 potions of haste
 B - 3 potions of cancellation
 F - 5 potions of invisibility
 H - 4 potions of resistance
 N - 13 potions of might
 O - 11 potions of heal wounds
 U - 4 potions of magic
 W - 7 potions of lignification


   Skills:
 + Level 24.0 Fighting
 + Level 23.9 Axes
 + Level 21.3 Throwing
 + Level 24.1 Armour
 + Level 23.7 Shields
 + Level 12.8 Invocations


You had 23 spell levels left.
You didn't know any spells.
Your spell library contained the following spells:

 Spells                   Type           Power      Damage    Failure   Level
 Apportation              Tloc           0%         N/A       95%         1
 Foxfire                  Conj/Fire      0%         2x1d4     95%         1
 Magic Dart               Conj           0%         1d3       95%         1
 Sandblast                Erth           0%         2d4       95%         1
 Shock                    Conj/Air       0%         1d3       95%         1
 Cigotuvi's Dreadful Rot  Necr/Pois/Air  0%         N/A       99%         2
 Jinxbite                 Hex            0%         N/A       99%         2
 Passwall                 Tmut/Erth      0%         N/A       99%         2
 Poisonous Vapours        Pois/Air       0%         N/A       99%         2
 Searing Ray              Conj           0%         2d4       99%         2
 Static Discharge         Conj/Air       0%         3-3/arc   99%         2
 Sublimation of Blood     Necr           0%         N/A       99%         2
 Wereblood                Tmut           0%         N/A       99%         2
 Dazzling Flash           Conj/Hex       0%         N/A       100%        3
 Gell's Gravitas          Tloc           0%         N/A       100%        3
 Hailstorm                Conj/Ice       0%         3d3       100%        3
 Ignite Poison            Fire/Tmut/Pois 0%         N/A       100%        3
 Inner Flame              Hex/Fire       0%         N/A       100%        3
 Mephitic Cloud           Conj/Pois/Air  0%         N/A       100%        3
 Sigil of Binding         Hex            0%         N/A       100%        3
 Stone Arrow              Conj/Erth      0%         3d7       100%        3
 Swiftness                Air            0%         N/A       100%        3
 Vampiric Draining        Necr           0%         2d6       100%        3
 Volatile Blastmotes      Fire/Tloc      0%         2d10      100%        3
 Airstrike                Air            0%         2d(0-16)  100%        4
 Brom's Barrelling Bould  Conj/Erth      0%         2d3       100%        4
 Dimensional Bullseye     Hex/Tloc       0%         N/A       100%        4
 Flame Wave               Conj/Fire      0%         2d4       100%        4
 Fulminant Prism          Conj/Hex       0%         3d5       100%        4
 Leda's Liquefaction      Hex/Erth       0%         N/A       100%        4
 Manifold Assault         Tloc           0%         N/A       100%        4
 Passage of Golubria      Tloc           0%         N/A       100%        4
 Petrify                  Tmut/Erth      0%         N/A       100%        4
 Sticky Flame             Conj/Fire      0%         2d3       100%        4
 Vhi's Electric Charge    Tloc/Air       0%         N/A       100%        4
 Agony                    Necr           0%         N/A       100%        5
 Alistair's Intoxication  Tmut/Pois      0%         N/A       100%        5
 Arcjolt                  Conj/Air       0%         1d10      100%        5
 Borgnjor's Vile Clutch   Necr/Erth      0%         N/A       100%        5
 Freezing Cloud           Conj/Ice/Air   0%         6-21      100%        5
 Irradiate                Conj/Tmut      0%         3d11      100%        5
 Lee's Rapid Deconstruct  Erth           0%         3d4*      100%        5
 Yara's Violent Unravell  Hex/Tmut       0%         3d3       100%        5
 Dispersal                Tloc           0%         N/A       100%        6
 Starburst                Conj/Fire      0%         6d3       100%        6
 Ozocubu's Refrigeration  Ice            0%         4d7       100%        7
 Ignition                 Fire           0%         3d3       100%        8
 Maxwell's Capacitive Co  Air            0%         ∞         100%        8
 Summon Small Mammal      Summ           Unusable   N/A       N/A         1
 Call Imp                 Summ           Unusable   N/A       N/A         2
 Call Canine Familiar     Summ           Unusable   N/A       N/A         3
 Summon Guardian Golem    Hex/Summ       Unusable   N/A       N/A         3
 Tukima's Dance           Hex            Unusable   N/A       N/A         3
 Animate Armour           Summ/Erth      Unusable   N/A       N/A         4
 Summon Ice Beast         Ice/Summ       Unusable   N/A       N/A         4
 Summon Lightning Spire   Summ/Air       Unusable   N/A       N/A         4
 Simulacrum               Ice/Necr       Unusable   N/A       N/A         6
 Summon Hydra             Summ           Unusable   N/A       N/A         7

Dungeon Overview and Level Annotations

Branches:
Dungeon (15/15)            Temple (1/1) D:5            Lair (5/5) D:10
 Shoals (4/4) Lair:2        Snake (4/4) Lair:3        Slime (5/5) Lair:5
    Orc (2/2) D:9             Elf (3/3) Orc:2        Vaults (4/5) D:14
  Crypt (0/3) Vaults:2     Depths (4/4) D:15            Zot (0/5) Depths:4
 Bailey (visited)           IceCv (visited)         Desolation (visited)

Altars:
Ashenzari
Cheibriados
Dithmenos
Elyvilon
Fedhas
Gozag
Hepliaklqana
Kikubaaqudgha
Makhleb
Nemelex Xobeh
Okawaru
Qazlal
Ru
Sif Muna
Trog
Uskayaw
Vehumet
Wu Jian
Xom
Yredelemnul
Zin
The Shining One
Jiyva
Lugonu

Shops:
D:7 !   Orc:1 *   Orc:2 !?[[   Elf:1 :*   Shoals:1 *   Shoals:2 !   Shoals:3 *
Snake:1 (:   Snake:4 !   Vaults:3 :   Vaults:4 !   Depths:3 :   Depths:4 =

Portals:
Hell: Depths:1 Depths:2 Depths:3 Depths:4
Abyss: Depths:3
Pandemonium: Depths:2
Ziggurat: Depths:2

Annotations:
Slime:5 Royal Jelly


Innate Abilities, Weirdness & Mutations

You have a pair of horns on your head.
You reflexively headbutt those who attack you in melee.
Your flesh is cold resistant. (rC+)


Message History

The bolt of negative energy hits the orc warrior!!!
The orc warrior is drained!
The orc warrior dies!
The bolt of negative energy hits you! You partially resist.
You feel drained.
The titan waves its arms in wide circles.
The air twists around and strikes you!! You block the ettin's attack.
The ettin hits you with a +0 dire flail!!
* * * LOW HITPOINT WARNING * * *
The ironbound convoker gestures at the sphinx while chanting.
The sphinx seems to grow stronger.
The sphinx casts a spell.
You are confused.
You feel much better.
The sphinx hits you but does no damage. x2
The sphinx hits you.
A stone giant comes into view.
The vault guard hits you but does no damage.
The vault sentinel blows a loud note on a signal horn!
The orc hits you but does no damage.
The ettin hits you with a +1 dire flail of draining!!!
* * * LOW HITPOINT WARNING * * *
You partially resist.
You feel drained.
* * * LOW HITPOINT WARNING * * *
The ettin barely misses you.
The ironbound convoker hits you with a +0 dire flail.
* * * LOW HITPOINT WARNING * * *
The sphinx mumbles some strange words.
You suddenly lose the ability to move!
The vault sentinel blows a loud note on a signal horn!
The sphinx completely misses you.
The sphinx hits you but does no damage. x2
A brown very ugly thing comes into view.
The ettin hits you with a +1 dire flail of draining.
* * * LOW HITPOINT WARNING * * *
You partially resist.
You feel drained.
* * * LOW HITPOINT WARNING * * *
The ettin hits you with a +0 dire flail.
* * * LOW HITPOINT WARNING * * *
The vault guard hits you but does no damage.
The titan waves its arms in wide circles.
The air twists around and strikes you!
You die...

.. #....#.#
....#.(..#.#
...#..[.#.###
.....$.(.[[.
####ccp..[.)#####
.......[..)......
.....c.Cp........
..[..eoHp<.......
(....pQ@H[[...(..
####..pCp...#####
....Q[.p..u..#
.....#.[..#.#$#
.C...#....##u#.#
.... #....# #.##
.p. #....# ## ...
#....#


You could see an ironbound preserver (empowered), a titan (empowered,
sheltered), 2 very ugly things, 2 sphinxes, a stone giant, 2 vault wardens, 2
tengu reavers, a yaktaur captain (sheltered), a vault guard (sheltered), an
ettin (strong, sheltered), 3 vault sentinels, a deep elf high priest (brilliance
aura, sheltered), an ironbound convoker (empowered, sheltered), 2 yaktaurs and
an orc (sheltered).

Vanquished Creatures
  Mara (Vaults:4)
  A juggernaut (D:13)
  A golden dragon (Depths:3)
  Nikola (Elf:3)
  2 bone dragons (Depths:4)
  Zenata (Vaults:4)
  A lich (Vaults:4)
  An Ice Fiend (IceCv)
  2 deep elf blademasters (Elf:3)
  2 sphinxes
  5 deep elf master archers
  5 quicksilver dragons
  13 acid blobs
  The ghost of Malachi the Spear-Bearer, an adept GnWn of Hepliaklqana (Snake:4)
  An ancient champion (Depths:1)
  3 tengu reavers
  3 shadow dragons
  2 tentacled starspawn (Abyss:2)
  4 storm dragons
  10 azure jellies
  A draconian knight (Depths:4)
  10 nagarajas (Snake:4)
  4 rockslimes
  5 fire giants
  A daeva (Shoals:4)
  The ghost of BinkBink the Spry, a journeyman MiMo of Qazlal (Elf:1)
  A fenstrider witch (shapeshifter) (Vaults:4)
  9 frost giants
  An iron dragon (Depths:3)
  14 vault wardens
  3 imperial myrmidons (Desolation)
  A balrug (Depths:4)
  Louise (Shoals:3)
  12 deep elf sorcerers
  4 deep elf elementalists (Elf:3)
  A draconian annihilator (Depths:4)
  An orc warlord (D:9)
  18 ironbound preservers
  The ghost of Henwain the Stormcaller, a journeyman DgAE (Shoals:1)
  17 formless jellyfish
  A quicksilver ooze (Slime:5)
  18 very ugly things
  A reaper (Depths:4)
  4 war gargoyles
  7 ironbound thunderhulks
  10 stone giants
  2 green draconians (Depths:4)
  2 yellow draconians (Depths:4)
  5 deep elf demonologists (Elf:3)
  7 deep elf annihilators
  3 vampire knights
  A halazid warlock (Desolation)
  A black draconian (Depths:4)
  14 dire elephants
  8 spark wasps
  An eidolon (Depths:1)
  2 purple draconians
  8 deep elf death magi
  14 merfolk javelineers
  8 crystal guardians
  An entropy weaver (shapeshifter) (D:14)
  9 ragged hierophants (Desolation)
  11 yaktaur captains
  Josephine (D:13)
  9 ettins
  19 merfolk impalers
  4 deep elf high priests
  A spectral kraken (Shoals:1)
  6 fire dragons
  4 ice dragons
  2 rakshasas (Depths:2)
  10 great orbs of eyes
  35 vault guards
  5 servants of whispers (Desolation)
  A caustic shrike simulacrum (IceCv)
  13 peacekeepers
  A hell beast (Depths:1)
  A salamander tyrant (Snake:4)
  5 spriggan air magi
  2 hydras
  4 catoblepae
  7 ironbound frosthearts
  8 merfolk aquamancers
  20 anacondas
  5 ogre magi
  3 alligator snapping turtles (Shoals:4)
  A merfolk avatar (Shoals:3)
  5 boulder beetles
  13 centaur warriors
  16 naga warriors
  23 two-headed ogres
  26 dancing weapons
  5 deep troll shamans
  A hell hog (Depths:1)
  2 satyrs
  A death knight (Vaults:2)
  10 death yaks
  Urug (D:12)
  4 shock serpents
  3 spriggan berserkers
  A tengu warrior (D:14)
  5 thrashing horrors
  13 deep elf knights
  A demonic crawler (Abyss:3)
  10 hell knights
  2 orc high priests
  A shock serpent (shapeshifter) (Elf:3)
  5 deep troll earth magi
  A sun demon (Abyss:2)
  20 naga sharpshooters
  8 iron trolls
  A salamander mystic (Snake:4)
  8 skysharks
  A shadow wraith (Vaults:2)
  3 cherubim (Shoals:4)
  12 sea snakes
  A flayed ghost (Depths:3)
  2 sixfirhies (Abyss:3)
  3 glowing orange brains
  A quicksilver dragon simulacrum (Depths:1)
  3 wretched stars
  58 deep trolls
  4 naga ritualists
  2 glowing orange brains (shapeshifter)
  A bog body (IceCv)
  11 arcanists
  12 deep elf archers
  9 spriggan simulacra (IceCv)
  30 ironbound convokers
  3 lindwurms
  5 orc knights
  2 phantasmal warriors (Vaults:4)
  2 obsidian statues
  6 necromancers
  4 mana vipers
  31 harpies
  18 deep elf pyromancers
  4 orc sorcerers
  17 deep elf zephyrmancers
  A wolf spider (D:9)
  58 ugly things
  8 large abominations
  14 manticores
  9 cyclopes
  5 fauns
  2 worldbinders (Abyss:2)
  14 salamanders
  12 shining eyes
  2 apocalypse crabs (Abyss:3)
  A human skeleton (Vaults:4)
  Joseph (D:7)
  2 guardian serpents (shapeshifter)
  A frost giant skeleton (Vaults:4)
  8 guardian serpents
  A spectral alligator snapping turtle (Shoals:1)
  19 vault sentinels
  11 merfolk sirens
  8 elephants
  30 black mambas
  Maurice (Orc:1)
  A smoke demon (Abyss:3)
  12 naga magi
  5 water nymphs
  An eye of devastation (Slime:4)
  A human zombie (Vaults:4)
  3 spectral sea snakes (Shoals:1)
  11 cane toads
  8 kobold demonologists
  A rime drake (shapeshifter) (Vaults:4)
  An efreet (D:14)
  4 rime drakes
  An unseen horror (D:13)
  6 freezing wraiths
  12 komodo dragons
  An elf skeleton (Vaults:4)
  5 ice devils (IceCv)
  A tengu conjurer (Depths:3)
  27 yaktaurs
  An anaconda simulacrum (IceCv)
  3 ancient zymes
  4 polar bears
  36 merfolk
  5 trolls
  5 wind drakes
  5 raiju (Abyss:2)
  A meliai (D:9)
  A troll (shapeshifter) (Vaults:4)
  58 saltlings (Desolation)
  4 hornets
  21 blink frogs
  A tengu simulacrum (Vaults:3)
  3 alligator simulacra (IceCv)
  9 snapping turtles
  14 dream sheep
  3 glass eyes
  A flying skull (Abyss:2)
  A ynoxinul (Abyss:3)
  89 slime creatures
  3 wyverns
  A jumping spider (shapeshifter) (D:15)
  A shadow (D:10)
  A fire elemental (Elf:2)
  3 air elementals
  4 small abominations
  A centaur simulacrum (D:14)
  2 vampires
  5 wraiths
  19 water elementals
  47 yaks
  3 hogs (D:8)
  A human (D:8)
  13 vampire mosquitoes
  6 basilisks
  A steam dragon (D:8)
  Grum (D:10)
  A neqoxec (Abyss:3)
  7 golden eyes
  4 chaos spawn
  10 minotaur simulacra (IceCv)
  2 wargs (D:9)
  2 harpy simulacra (IceCv)
  3 acid dragons
  12 water moccasins
  A glowing shapeshifter zombie (Vaults:3)
  42 nagas
  An ice beast (D:6)
  29 orc warriors
  2 sky beasts (D:6)
  2 black bears
  3 ettin simulacra (IceCv)
  7 centaurs
  7 wolves
  32 ogres
  3 phantoms
  3 elf zombies
  6 kobold brigands
  2 earth elementals (Elf:3)
  13 bullfrogs
  2 scorpions
  A gnoll sergeant (D:12)
  10 deep troll simulacra (IceCv)
  4 wights (D:10)
  3 lindwurm simulacra (IceCv)
  7 killer bees (D:9)
  6 howler monkeys
  9 electric eels
  5 hounds
  A human simulacrum (Vaults:4)
  A quasit (Abyss:2)
  16 orc priests
  2 gnoll boudas (D:8)
  A jelly (D:7)
  3 sleepcaps
  5 hell rats (Lair:3)
  22 orc wizards
  2 iguanas (D:6)
  23 gnolls
  8 adders
  A shadow imp (Abyss:2)
  2 white imps
  4 ufetubi
  3 worms
  2 dart slugs
  46 orcs
  11 endoplasms
  A giant cockroach (D:2)
  10 hobgoblins
  8 jackals
  34 kobolds
  7 quokkas
  8 ball pythons
  4 bats
  5 frilled lizards
  21 goblins
  2 rats
  A starspawn tentacle (Abyss:2)
2083 creatures vanquished.

Vanquished Creatures (others)
  A naga sharpshooter (Snake:4)
  A hell knight (D:15)
  A deep elf pyromancer (Elf:1)
  A molten gargoyle (Desolation)
  A dream sheep (Shoals:3)
  A snapping turtle (Shoals:3)
  2 orc warriors (Vaults:5)
  An orc (D:8)
  4 starspawn tentacles (Abyss:2)
  4 tentacles (Shoals:1)
17 creatures vanquished.

Grand Total: 2100 creatures vanquished

Notes
Turn   | Place    | Note
-------+----------+-------------------------------------------
     0 | D:1      | BinkBink the Minotaur Fighter began the quest for the Orb.
     0 | D:1      | Reached XP level 1. HP: 19/19 MP: 0/0
   122 | D:1      | Reached XP level 2. HP: 22/27 MP: 1/1
   387 | D:1      | Reached XP level 3. HP: 27/33 MP: 2/2
  1416 | D:2      | Reached XP level 4. HP: 41/41 MP: 3/3
  2425 | D:3      | Reached XP level 5. HP: 46/47 MP: 4/4
  2692 | D:3      | Found a radiant altar of Vehumet.
  3415 | D:4      | Reached skill level 5 in Fighting
  3415 | D:4      | Reached skill level 5 in Shields
  3607 | D:5      | Entered Level 5 of the Dungeon
  3720 | D:5      | Reached skill level 5 in Armour
  3761 | D:5      | Found an ornate altar of the Wu Jian Council.
  3794 | D:5      | Reached XP level 6. HP: 56/56 MP: 5/5
  4083 | D:5      | Reached XP level 7. HP: 56/62 MP: 6/6
  4087 | D:5      | Reached skill level 5 in Axes
  4279 | D:5      | Found a staircase to the Ecumenical Temple.
  4378 | Temple   | Entered the Ecumenical Temple
  4931 | D:6      | Reached XP level 8. HP: 71/71 MP: 7/7
  4966 | D:6      | Noticed a hornet
  4981 | D:6      | Killed a hornet
  5994 | D:7      | Noticed Joseph
  6007 | D:7      | Killed Joseph
  6008 | D:7      | Reached XP level 9. HP: 9/81 MP: 1/8
  6481 | D:7      | Found Toevow's Distillery.
  6892 | D:8      | Found a flagged portal.
  6909 | Bailey   | Entered a bailey
  8091 | Bailey   | Noticed an orc knight
  8110 | Bailey   | Killed an orc knight
  8332 | Bailey   | Found an iron altar of Okawaru.
  8332 | Bailey   | Noticed an orc sorcerer
  8332 | Bailey   | Noticed a kobold demonologist
  8333 | Bailey   | Noticed a hellwing
  8384 | Bailey   | Paralysed by an orc sorcerer for 2 turns
  8386 | Bailey   | Killed an orc sorcerer
  8387 | Bailey   | Reached XP level 10. HP: 60/91 MP: 9/9
  8548 | Bailey   | Became a worshipper of Warmaster Okawaru
  8564 | Bailey   | Identified the +2 scale mail of Lifelessness {rF+ Str-4
                  | Dex+5 Slay+3}
  8751 | D:8      | Found a shimmering altar of Xom.
  8815 | D:8      | Noticed a two-headed ogre
  8827 | D:8      | Reached skill level 10 in Axes
  8827 | D:8      | Reached XP level 11. HP: 102/102 MP: 10/10
  8828 | D:8      | Reached skill level 5 in Throwing
  8828 | D:8      | Reached XP level 12. HP: 112/112 MP: 11/11
  8829 | D:8      | Acquired a manual of Throwing
  8833 | D:8      | Killed a two-headed ogre
  9207 | D:8      | Found a sacrificial altar of Ru.
  9208 | D:8      | Found a burning altar of Makhleb.
  9209 | D:8      | Found an iron altar of Okawaru.
  9734 | D:9      | Identified the "Vifyaff"
  9755 | D:8      | Reached * piety under Okawaru
 10855 | D:9      | Identified the +8 broad axe of Wurujeof {holy, Str+5}
 10855 | D:9      | Noticed a centaur warrior
 11153 | D:9      | Killed a centaur warrior
 11343 | D:9      | Noticed a boulder beetle
 11358 | D:9      | Killed a boulder beetle
 11358 | D:9      | Reached ** piety under Okawaru
 11492 | D:9      | Noticed a two-headed ogre
 11722 | D:9      | Killed a two-headed ogre
 11881 | D:9      | Found a hazy altar of Hepliaklqana.
 11888 | D:9      | Found a snail-covered altar of Cheibriados.
 12023 | D:9      | Found a staircase to the Orcish Mines.
 12032 | D:9      | Paralysed by a hornet for 1 turns
 12576 | D:10     | Entered Level 10 of the Dungeon
 12635 | D:10     | Reached *** piety under Okawaru
 12662 | D:10     | Reached skill level 1 in Invocations
 12676 | D:10     | Noticed a two-headed ogre
 12692 | D:10     | Killed a two-headed ogre
 12746 | D:10     | Reached XP level 13. HP: 119/119 MP: 13/13
 13053 | D:10     | Found a staircase to the Lair.
 13161 | D:10     | Reached **** piety under Okawaru
 13245 | D:10     | Noticed Grum
 13255 | D:10     | Killed Grum
 13370 | D:10     | Found a bloodstained altar of Trog.
 13525 | D:10     | Found a white marble altar of Elyvilon.
 13525 | D:10     | Found a glowing silver altar of Zin.
 13525 | D:10     | Found a glowing golden altar of the Shining One.
 13947 | D:11     | Paralysed by a hornet for 3 turns
 14363 | D:12     | Noticed Urug
 14417 | D:12     | Killed Urug
 14847 | D:12     | Reached ***** piety under Okawaru
 15154 | Lair:1   | Entered Level 1 of the Lair of Beasts
 15694 | Lair:1   | Reached skill level 10 in Throwing
 16430 | Lair:2   | Received a gift from Okawaru
 16508 | Lair:2   | Identified the +7 trident of Dejiq {distort, rF+ Stlth+}
 16950 | Lair:2   | Reached XP level 14. HP: 104/130 MP: 16/16
 17731 | Lair:3   | Found a staircase to the Snake Pit.
 17883 | Lair:3   | Reached skill level 5 in Invocations
 18031 | Lair:3   | Received a gift from Okawaru
 19682 | Lair:4   | Identified the +0 plate armour of Hadjma {Fly rC- rN+
                  | Dex+4}
 19935 | Lair:4   | Found a gate leading to a gauntlet.
 20140 | Lair:4   | Received a gift from Okawaru
 20788 | Lair:4   | Acquired the +3 kite shield of the Monk {rC- rN++}
 20835 | Lair:5   | Entered Level 5 of the Lair of Beasts
 21445 | Lair:5   | Found a viscous altar of Jiyva.
 21446 | Lair:5   | Found a staircase to the Slime Pits.
 21801 | Lair:5   | Reached ****** piety under Okawaru
 21806 | Lair:5   | Received a gift from Okawaru
 21814 | Lair:5   | Reached skill level 15 in Fighting
 21820 | Lair:5   | Reached skill level 15 in Armour
 21960 | Lair:5   | Reached skill level 15 in Shields
 22028 | Lair:5   | Reached XP level 15. HP: 141/141 MP: 17/17
 22575 | D:7      | Bought a potion of curing for 45 gold pieces
 22575 | D:7      | Bought a potion of degeneration for 15 gold pieces
 22575 | D:7      | Bought 2 potions of might for 120 gold pieces
 22575 | D:7      | Bought a potion of curing for 45 gold pieces
 22641 | Orc:1    | Entered Level 1 of the Orcish Mines
 22720 | D:9      | Acquired the +3 pair of gloves of the Comet {-Cast rF+++
                  | rC+ rCorr}
 22720 | D:9      | Received a gift from Okawaru
 22753 | D:9      | Received a gift from Okawaru
 23081 | Orc:1    | Noticed Maurice
 23203 | Orc:1    | Killed Maurice
 23296 | Orc:1    | Found Regoysso's General Store.
 23752 | Orc:2    | Entered Level 2 of the Orcish Mines
 23752 | Orc:2    | Found a staircase to the Elven Halls.
 24205 | Orc:2    | Reached skill level 15 in Axes
 24439 | Orc:2    | Received a gift from Okawaru
 24565 | Orc:2    | Paralysed by something for 2 turns
 24786 | Orc:2    | Found Rownatiu's Magic Scroll Shop.
 24786 | Orc:2    | Found Buptotem's Distillery.
 24787 | Orc:2    | Found Soxkeloh's Armour Shoppe.
 24787 | Orc:2    | Found Zasmemp's Armour Shop.
 24846 | Orc:2    | Bought a scroll of identify for 26 gold pieces
 24846 | Orc:2    | Bought a scroll of blinking for 97 gold pieces
 24846 | Orc:2    | Bought a scroll of identify for 26 gold pieces
 24847 | Orc:2    | Bought a potion of heal wounds for 60 gold pieces
 24847 | Orc:2    | Bought a potion of might for 48 gold pieces
 24847 | Orc:2    | Bought a potion of heal wounds for 60 gold pieces
 24847 | Orc:2    | Bought a potion of resistance for 120 gold pieces
 24847 | Orc:2    | Bought a potion of cancellation for 96 gold pieces
 25317 | D:13     | Received a gift from Okawaru
 25418 | D:13     | Noticed Josephine
 25431 | D:13     | Killed Josephine
 25531 | D:13     | Found a transporter.
 25533 | D:13     | Found a transporter.
 25533 | D:13     | Found a transporter.
 25534 | D:13     | Found a sparkling altar of Nemelex Xobeh.
 25534 | D:13     | Noticed a juggernaut
 25540 | D:13     | Found a transporter.
 25541 | D:13     | Found a transporter.
 25544 | D:13     | Found a transporter.
 26345 | D:14     | Found a gate to the Vaults.
 26359 | D:14     | Received a gift from Okawaru
 26747 | D:14     | Reached XP level 16. HP: 131/151 MP: 18/18
 27111 | D:15     | Entered Level 15 of the Dungeon
 27259 | D:15     | Found a frozen archway.
 27287 | D:15     | Received a gift from Okawaru
 27288 | D:15     | Reached skill level 15 in Throwing
 27533 | IceCv    | Entered an ice cave
 28957 | IceCv    | Received a gift from Okawaru
 29087 | IceCv    | Noticed an Ice Fiend
 29199 | IceCv    | Killed an Ice Fiend
 29835 | D:15     | Found a staircase to the Depths.
 29934 | D:15     | Paralysed by an ogre mage for 5 turns
 30707 | Shoals:4 | Identified the "Sarraros"
 30707 | Vaults:5 | Identified the of Tesemani
 30707 | Crypt:3  | Identified the "Unkuvaw"
 30707 | Crypt:3  | Identified the "Axzoq"
 30707 | Elf:1    | Identified the "Lielid"
 30707 | Elf:1    | Entered Level 1 of the Elven Halls
 30921 | Elf:1    | Paralysed by an air elemental for 1 turns
 31461 | Elf:1    | Found Qizoohofi's Book Shoppe.
 31497 | Elf:1    | Paralysed by an air elemental for 1 turns
 31776 | Elf:1    | Received a gift from Okawaru
 32034 | Elf:1    | Found a runed translucent gate.
 32034 | Elf:1    | Found a runed translucent gate.
 32034 | Elf:1    | Found a runed translucent gate.
 32035 | Elf:1    | Found an opulent altar of Gozag.
 32035 | Elf:1    | Found Emuothris's Assorted Antiques.
 32036 | Elf:1    | Noticed BinkBink's ghost (journeyman MiMo)
 32597 | Snake:1  | Entered Level 1 of the Snake Pit
 32632 | Snake:1  | Found Acaut's Weapon Shop.
 32638 | Snake:1  | Found Upadidai's Book Boutique.
 33111 | Snake:1  | Reached XP level 17. HP: 105/161 MP: 21/21
 34270 | Snake:1  | Acquired a +4 executioner's axe of electrocution
 34270 | Snake:1  | Received a gift from Okawaru
 34582 | Snake:2  | Identified the +0 ring mail of Untruth {Int+6 Slay+2}
 34685 | Snake:2  | Received a gift from Okawaru
 36171 | Snake:3  | Received a gift from Okawaru
 37681 | Snake:3  | Identified the +0 trident of Checkmate {spect, rElec rPois
                  | Str+2 Stlth+}
 37726 | Snake:3  | Upgraded the game from 0.31-a0-1005-gfbdfbacc72 to
                  | 0.31-a0-1008-g5b978dac0e
 37735 | Snake:4  | Entered Level 4 of the Snake Pit
 38139 | Snake:4  | Found Sickaril's Distillery.
 38147 | Snake:4  | Bought a potion of heal wounds for 80 gold pieces
 38147 | Snake:4  | Bought a potion of heal wounds for 80 gold pieces
 38147 | Snake:4  | Bought a potion of haste for 160 gold pieces
 38147 | Snake:4  | Bought a potion of might for 64 gold pieces
 38239 | Snake:4  | Identified the +7 quarterstaff "Qeustu" {heavy, rC++ MP+9
                  | Str-5 Stlth+}
 38563 | Snake:4  | Found a runed translucent door.
 38563 | Snake:4  | Noticed Malachi's ghost (adept GnWn)
 38602 | Snake:4  | Received a gift from Okawaru
 41342 | Snake:4  | Received a gift from Okawaru
 42187 | Snake:4  | Reached XP level 18. HP: 172/172 MP: 23/23
 42718 | Snake:4  | Got a serpentine rune of Zot
 43082 | Snake:4  | Received a gift from Okawaru
 43710 | Snake:4  | Killed Malachi's ghost
 44085 | D:13     | Killed a juggernaut
 44093 | D:13     | Identified the +0 tower shield of Uskayaw's Approval {SInv
                  | Stlth+}
 44337 | Shoals:1 | Entered Level 1 of the Shoals
 44337 | Shoals:1 | Found Miovud's General Store.
 44439 | Shoals:1 | HP: 8/173 [merfolk javelineer/javelin (6)]
 45776 | Shoals:1 | Found the +5 glaive of the Guard {elec, spectral}
 46143 | Shoals:1 | Found a transporter.
 46145 | Shoals:1 | Found a transporter.
 46146 | Shoals:1 | Noticed Henwain's ghost (journeyman DgAE)
 46146 | Shoals:1 | Found the ring of the Octopus King
 46774 | Shoals:2 | Received a gift from Okawaru
 47710 | Shoals:2 | Found Ruxt's Distillery.
 47725 | Shoals:2 | Bought a potion of heal wounds for 60 gold pieces
 47725 | Shoals:2 | Bought a potion of might for 48 gold pieces
 48296 | Shoals:3 | Received a gift from Okawaru
 48690 | Shoals:3 | Found Wyjuher's Assorted Antiques.
 49357 | Shoals:3 | Bought an ancient plate armour for 840 gold pieces
 49357 | Shoals:3 | Identified the +12 plate armour of the Lute {rC- MP-9
                  | Int+9} (You bought it in a shop on level 3 of the Shoals)
 49382 | Shoals:3 | Identified the +1 chain mail of Beogh, Keeping {Will++
                  | Dex+2}
 50006 | Shoals:4 | Entered Level 4 of the Shoals
 50483 | Shoals:4 | Reached skill level 10 in Invocations
 50691 | Shoals:4 | Received a gift from Okawaru
 50716 | Shoals:4 | Reached XP level 19. HP: 161/181 MP: 25/25
 50960 | Shoals:4 | Noticed Louise
 51009 | Abyss:2  | Cast into level 2 of the Abyss (Louise)
 51042 | Abyss:2  | Found a corrupted altar of Lugonu.
 51051 | Abyss:2  | Found a corrupted altar of Lugonu.
 51051 | Abyss:2  | Found a corrupted altar of Lugonu.
 51093 | Abyss:2  | Noticed a bone dragon
 51109 | Abyss:2  | Found a corrupted altar of Lugonu.
 51186 | Abyss:2  | Found a corrupted altar of Lugonu.
 51468 | Shoals:3 | Escaped the Abyss
 51483 | Shoals:3 | Killed Louise
 51483 | Shoals:3 | Received a gift from Okawaru
 52027 | Shoals:4 | Identified the +6 scimitar of Midnight {freeze, Fragile rC+
                  | rCorr Str+4}
 52304 | Shoals:4 | Received a gift from Okawaru
 52782 | Shoals:4 | Found a glowing silver altar of Zin.
 52876 | Shoals:4 | Got a barnacled rune of Zot
 53168 | Shoals:4 | Found a white marble altar of Elyvilon.
 53249 | Shoals:4 | Found a glowing golden altar of the Shining One.
 53809 | Vaults:1 | Entered Level 1 of the Vaults
 54561 | D:14     | Received a gift from Okawaru
 55057 | Vaults:1 | Identified the staff "Gukhle" {Will+ Int+3 Dex+4 Earth}
 55809 | Vaults:2 | Reached XP level 20. HP: 193/193 MP: 26/26
 56289 | Vaults:2 | Received a gift from Okawaru
 56543 | Vaults:2 | Found a staircase to the Crypt.
 57319 | Vaults:2 | Identified the +4 mace of Raetz {flame, Str+3}
 57377 | Vaults:2 | Identified the staff "Xextaeptew" {rF+ Str+2 Earth}
 57679 | Vaults:3 | Found Liqo Lubaare's Book Boutique.
 57865 | Vaults:3 | Received a gift from Okawaru
 58407 | Vaults:3 | Identified the +0 chain mail "Uludeb" {rPois rC+++ Int-5
                  | Stlth+}
 58541 | Vaults:3 | Received a gift from Okawaru
 59386 | Vaults:3 | Identified the +0 pair of gloves "Muge" {Str+2 Stlth+}
 59598 | Vaults:3 | Received a gift from Okawaru
 59840 | Vaults:4 | Noticed Mara
 59879 | Vaults:4 | Killed Mara
 60000 | Vaults:4 | Reached XP level 21. HP: 196/201 MP: 27/27
 60111 | Vaults:4 | Received a gift from Okawaru
 60330 | Vaults:4 | Found Mez Weoluu's Distillery.
 60439 | Vaults:4 | Bought a potion of haste for 150 gold pieces
 60439 | Vaults:4 | Bought 2 potions of heal wounds for 150 gold pieces
 60439 | Vaults:4 | Bought a potion of might for 60 gold pieces
 60663 | Vaults:4 | Found a transporter.
 60679 | Vaults:4 | Found a transporter.
 60694 | Vaults:4 | Noticed Zenata
 60704 | Vaults:4 | Killed Zenata
 61262 | Vaults:5 | Entered Level 5 of the Vaults
 61552 | Desolati | Identified the of Emuittak
 61552 | Desolati | Identified the of Fanuomos
 61575 | Elf:2    | Paralysed by an air elemental for 1 turns
 61634 | Elf:2    | Received a gift from Okawaru
 61669 | Elf:2    | Found a crumbling gateway.
 61700 | Desolati | Entered the Desolation of Salt
 63478 | Desolati | Identified the +2 morningstar of Lupa {heavy, rPois Int+2}
 64344 | Desolati | Identified the +3 leather armour "Itean" {rElec rF+ rC+
                  | Int+4}
 64472 | Desolati | Received a gift from Okawaru
 64873 | Desolati | Identified the amulet of Dohinam {Acrobat Str+6}
 65888 | Desolati | Identified the ring "Nuzxog" {MP+9 Str+3}
 66575 | Elf:2    | Found a runed translucent gate.
 66575 | Elf:2    | Found a runed translucent gate.
 66577 | Elf:2    | Found a runed translucent gate.
 66900 | Elf:2    | Received a gift from Okawaru
 67347 | Elf:2    | Reached XP level 22. HP: 214/214 MP: 28/28
 67527 | Elf:3    | Identified the "Myirghezoa"
 67527 | Elf:3    | Identified the of Qaolaw
 67527 | Elf:3    | Entered Level 3 of the Elven Halls
 68571 | Elf:3    | Received a gift from Okawaru
 68572 | Elf:3    | Noticed Nikola
 68583 | Elf:3    | Killed Nikola
 68949 | Elf:3    | Identified the +6 morningstar of Sloth {speed, *Rage rF+
                  | rC+}
 68987 | Abyss:3  | Cast into level 3 of the Abyss (a deep elf sorcerer)
 68997 | Abyss:3  | Found a corrupted altar of Lugonu.
 69050 | Abyss:3  | Gained mutation: You occasionally lose the ability to drink
                  | potions when taking damage. [a neqoxec]
 69178 | Abyss:3  | Received a gift from Okawaru
 69266 | Elf:3    | Escaped the Abyss
 70033 | Elf:3    | Identified the +6 hand axe "Ompuvoamm" {flame, Will+}
 70428 | Elf:3    | Acquired the +5 cloak of Dywnosh {rC+ Regen+ Dex+3}
 70450 | Elf:3    | Acquired the +3 kite shield of Parlour Games {rElec rN+}
 70773 | Slime:1  | Entered Level 1 of the Pits of Slime
 71558 | Slime:1  | Received a gift from Okawaru
 71629 | Slime:1  | Gained mutation: Your magical capacity is low. (-10% MP) [a
                  | shining eye]
 71630 | Slime:1  | Gained mutation: Armour fits poorly on your strangely
                  | shaped body. [a shining eye]
 71633 | Slime:1  | Gained mutation: You occasionally shout uncontrollably at
                  | your foes. [a shining eye]
 72134 | Slime:2  | Gained mutation: Your mind is acute. (Int +4, Str/Dex -1)
                  | [a shining eye]
 72144 | Slime:2  | Gained mutation: You are frail. (-10% HP) [a shining eye]
 73132 | Slime:3  | Received a gift from Okawaru
 73905 | Slime:5  | Entered Level 5 of the Pits of Slime
 74388 | Slime:5  | Found the +7 great mace "Undeadhunter" {deathbane, rN+}
 74398 | Slime:4  | Reached XP level 23. HP: 186/202 MP: 26/26
 74457 | Slime:4  | Paralysed by a formless jellyfish for 1 turns
 74469 | Slime:5  | Gained mutation: Your spells are a little easier to cast,
                  | but a little less powerful. [a shining eye]
 75141 | Slime:5  | Gained mutation: Your magical capacity is very low. (-20%
                  | MP) [a shining eye]
 75143 | Slime:5  | Gained mutation: You frequently scream uncontrollably at
                  | your foes. [a shining eye]
 75144 | Slime:5  | Gained mutation: Your spells are easier to cast, but less
                  | powerful. [a shining eye]
 75149 | Slime:5  | Gained mutation: Your magical capacity is extremely low.
                  | (-30% MP) [a shining eye]
 75175 | Slime:5  | Noticed the Royal Jelly
 75179 | Slime:5  | Lost mutation: Your mind is acute. (Int +4, Str/Dex -1) [a
                  | shining eye]
 75181 | Slime:5  | Gained mutation: You occasionally lose the ability to read
                  | scrolls when taking damage. [a shining eye]
 75240 | Slime:3  | Gained mutation: You are very frail. (-20% HP) [a shining
                  | eye]
 75242 | Slime:3  | Gained mutation: You are extremely frail. (-30% HP) [a
                  | shining eye]
 75293 | Slime:3  | Gained mutation: You do not regenerate when monsters are
                  | visible. [a shining eye]
 75297 | Slime:3  | Gained mutation: You are dopey. (Int -2) [a shining eye]
 75306 | Slime:3  | Gained mutation: Your spells are much easier to cast, but
                  | much less powerful. [a shining eye]
 75312 | Slime:3  | Gained mutation: Potions are less effective at restoring
                  | your health. [a shining eye]
 75314 | Slime:3  | Gained mutation: You sometimes lose the ability to read
                  | scrolls when taking damage. [a shining eye]
 75605 | Slime:4  | Gained mutation: You have hidden genetic defects. [a
                  | shining eye]
 75607 | Slime:4  | Gained mutation: Potions cannot restore your health. [a
                  | shining eye]
 76209 | Depths:1 | Entered Level 1 of the Depths
 76214 | Depths:1 | Received a gift from Okawaru
 76864 | D:15     | Lost mutation: You occasionally lose the ability to drink
                  | potions when taking damage. [potion of mutation]
 76864 | D:15     | Lost mutation: You are dopey. (Int -2) [potion of mutation]
 76864 | D:15     | Lost mutation: You frequently scream uncontrollably at your
                  | foes. [potion of mutation]
 76865 | D:15     | Lost mutation: You sometimes lose the ability to read
                  | scrolls when taking damage. [potion of mutation]
 76865 | D:15     | Lost mutation: You occasionally shout uncontrollably at
                  | your foes. [potion of mutation]
 76865 | D:15     | Gained mutation: Your muscles are strong. (Str +4, Int/Dex
                  | -1) [potion of mutation]
 76866 | D:15     | Lost mutation: Armour fits poorly on your strangely shaped
                  | body. [potion of mutation]
 76866 | D:15     | Lost mutation: You are extremely frail. (-30% HP) [potion
                  | of mutation]
 76866 | D:15     | Lost mutation: Your magical capacity is extremely low.
                  | (-30% MP) [potion of mutation]
 76866 | D:15     | Lost mutation: You are very frail. (-20% HP) [potion of
                  | mutation]
 76866 | D:15     | Lost mutation: Potions cannot restore your health. [potion
                  | of mutation]
 76866 | D:15     | Gained mutation: You are resistant to electric shocks.
                  | (rElec) [potion of mutation]
 76867 | D:15     | Lost mutation: Your spells are much easier to cast, but
                  | much less powerful. [potion of mutation]
 76867 | D:15     | Lost mutation: You have hidden genetic defects. [potion of
                  | mutation]
 76867 | D:15     | Lost mutation: You are frail. (-10% HP) [potion of
                  | mutation]
 76867 | D:15     | Gained mutation: You are somewhat resistant to further
                  | mutation. [potion of mutation]
 76868 | D:15     | Lost mutation: You are resistant to electric shocks.
                  | (rElec) [potion of mutation]
 76868 | D:15     | Lost mutation: Potions are less effective at restoring your
                  | health. [potion of mutation]
 76868 | D:15     | Lost mutation: Your magical capacity is very low. (-20% MP)
                  | [potion of mutation]
 76869 | D:15     | Lost mutation: Your muscles are strong. (Str +4, Int/Dex
                  | -1) [potion of mutation]
 76869 | D:15     | Lost mutation: Your magical capacity is low. (-10% MP)
                  | [potion of mutation]
 76870 | D:15     | Lost mutation: Your spells are easier to cast, but less
                  | powerful. [potion of mutation]
 76870 | D:15     | Lost mutation: You do not regenerate when monsters are
                  | visible. [potion of mutation]
 76870 | D:15     | Lost mutation: Your spells are a little easier to cast, but
                  | a little less powerful. [potion of mutation]
 76871 | D:15     | Lost mutation: You occasionally lose the ability to read
                  | scrolls when taking damage. [potion of mutation]
 76871 | D:15     | Lost mutation: You are somewhat resistant to further
                  | mutation. [potion of mutation]
 76871 | D:15     | Gained mutation: Your flesh is cold resistant. (rC+)
                  | [potion of mutation]
 77292 | Vaults:4 | Identified the +1 pair of boots "Pihymun" {Int+4}
 77297 | Vaults:4 | Identified the +10 short sword of Karma {flame, rPois Will-
                  | rCorr}
 77791 | Shoals:1 | Received a gift from Okawaru
 77842 | Shoals:1 | Killed Henwain's ghost
 77851 | Shoals:1 | Identified a ring of the Octopus King {rF+ HP+2 AC+2 EV+2
                  | SH+2}
 78091 | Elf:1    | Killed BinkBink's ghost
 78151 | Elf:1    | Bought a potion of cancellation for 200 gold pieces
 78409 | Depths:1 | Found a broken altar of Ashenzari.
 78523 | Depths:1 | Found a gateway to Hell.
 78845 | Depths:2 | Found a one-way gate leading to the halls of Pandemonium.
 78865 | Depths:1 | Received a gift from Okawaru
 79436 | Depths:2 | You fall into a shaft and drop 1 floor!
 79436 | Depths:3 | Found a shadowy altar of Dithmenos.
 79441 | Depths:3 | Found Haaghoa's Book Emporium.
 79531 | Depths:2 | Received a gift from Okawaru
 79789 | Depths:2 | Found a one-way gateway to a ziggurat.
 80340 | Depths:3 | Reached XP level 24. HP: 234/236 MP: 30/30
 80365 | Depths:3 | Found a corrupted altar of Lugonu.
 80366 | Depths:3 | Found a one-way gate to the infinite horrors of the Abyss.
 80831 | Depths:4 | Entered Level 4 of the Depths
 80918 | Depths:4 | Received a gift from Okawaru
 81429 | Depths:4 | Found a gate to the Realm of Zot.
 81581 | Depths:4 | Found an ornate altar of the Wu Jian Council.
 81659 | Depths:4 | Found Xovyon's Jewellery Shop.
 83113 | Vaults:5 | Received a gift from Okawaru
 83722 | Vaults:5 | Paralysed by a sphinx for 5 turns
 83723 | Vaults:5 | HP: 5/218 [ettin/+1 dire flail of draining (6)]
 83723 | Vaults:5 | Killed from afar by a titan

Illustrated notes

Levels and vault maps discovered:
D:1:      wander_arrival_lonely_grave, layout_basic, st_stairs_13,
          serial_bayou_crossing
D:2:      layout_basic
D:3:      layout_rooms, vehumet_crystals
D:4:      layout_basic
D:5:      layout_basic, mainiacjoe_overflow_small_starburst, temple_green,
          minmay_misc_feat_hallway, grunt_ministairs_2
D:6:      layout_basic, serial_library_hellmonk_filled_rooms
D:7:      layout_loops_ring, serial_shops, shop, lemuel_flame_loot_1,
          uniq_joseph
D:8:      layout_cave_pods, nicolae_overflow_crystal_walls,
          chequers_temple_overflow_statue_of_worship, enter_bailey_5,
          hangedman_decor_push, grunt_livestock
D:9:      minmay_the_grid_4x2 [minmay_the_grid_odd_star,
          minmay_the_grid_embedded, minmay_the_grid_tree,
          minmay_the_grid_spin_star, minmay_the_grid_eight,
          minmay_the_grid_armoury, minmay_the_grid_box_x,
          minmay_the_grid_prize_four_corners_diamond_b], layout_cave_pools,
          cheibriados_altar_1, nicolae_hepliaklqana_hazy_memory
D:10:     layout_long_grid, good_gods_mini_temple, mainiacjoe_overflow_brackets,
          grunt_lair_entry_orc_guard_hut, uniq_grum
D:11:     layout_basic
D:12:     layout_irregular_city, uniq_urug
D:13:     layout_irregular_city, hellmonk_jugg_or_not, uniq_josephine
D:14:     layout_basic, lightli_vaults_fourway_checkpoint,
          serial_library_hellmonk_secret_room
D:15:     hangedman_depths_entry_try_elsewhere_first, layout_basic,
          minivault_27, portal_ice_cave_entry_ugly_swarm
Temple:   cyrus_temple_forest
Lair:1:   layout_roguey
Lair:2:   layout_misc_corridors, nicolae_shoals_entry_flooding,
          hangedman_lair_generics_rect, serial_bayou_shore_a, grunt_megastairs_3
Lair:3:   layout_long_grid, guppyfry_snake_entry_garden, lemuel_fruit_tree,
          grunt_megastairs_5
Lair:4:   beast_lair_carwin_large_3, layout_small_grid, gauntlet_entry_generic
Lair:5:   evilmike_catoblepas_cave, layout_layer_cave, slime_entry_1
Shoals:1: layout_shoals, ebering_ghost_davey_jones, serial_shops, shop,
          nicolae_shoals_pincushion_passage
Shoals:2: layout_shoals, nicolae_stop_n_shop_1
Shoals:3: layout_shoals, serial_shops, shop
Shoals:4: shoals_end_hellmonk_holy_island, serial_shops, uniq_louise
Snake:1:  minmay_snake_river, layout_gridlike, minmay_shoptagon,
          nicolae_triple_integral
Snake:2:  layout_basic
Snake:3:  layout_cave_town, drop_trap
Snake:4:  grunt_snake_rune_spirals, layout_onion, serial_shops,
          nicolae_shop_hallway_stairs, gammafunk_ghost_grave
Slime:1:  layout_caves
Slime:2:  layout_caves
Slime:3:  layout_caves, nicolae_slime_barrier
Slime:4:  layout_caves, cheibrodos_slime_lost_civilization_6
Slime:5:  slime_pit_nicolae_jellycorners
Orc:1:    layout_caves, serial_shops, shop, uniq_maurice
Orc:2:    st_orc_ogre_mass, layout_diamond_mine
Elf:1:    elf_arrival_001, layout_loops_cross, ebering_ghost_gozag,
          serial_shops, shop, minmay_elf_necromancy
Elf:2:    elven_hall_of_blades_hangedman_original [nicolae_blade_lattice],
          layout_loops_ring, portal_desolation_entry_garden
Elf:3:    minmay_elf_hall_golems, layout_geoelf_diagonals, nicolae_letterblocks
          [nicolae_letter_subblock, nicolae_letter_subblock,
          nicolae_letter_subblock, nicolae_letter_subblock,
          nicolae_letter_subblock, nicolae_letter_subblock,
          nicolae_letter_subblock, nicolae_letter_subblock,
          nicolae_letter_subblock, nicolae_letter_subblock,
          nicolae_letter_subblock, nicolae_letter_subblock,
          nicolae_letter_subblock, nicolae_letter_subblock,
          nicolae_letter_subblock, nicolae_letter_subblock,
          nicolae_letter_subblock, nicolae_letter_subblock,
          nicolae_letter_subblock, nicolae_letter_subblock,
          nicolae_letter_subblock, nicolae_letter_subblock,
          nicolae_letter_subblock, nicolae_letter_subblock,
          nicolae_letter_subblock], uniq_nikola
Vaults:1: vaults_room_stairs_pillars, v_misc_25, vaults_dpeg_encased_lava,
          dpeg_vaults_monster_box, hangedman_vaults_maws,
          nicolae_vaults_shipping_containers_4, ontoclasm_vaults_ring_small,
          v_pattern_2, v_misc_11, v_misc_5, v_misc_5, v_alt_pattern_1,
          nicolae_vaults_house_1, nicolae_vaults_specimen_jars,
          nicolae_vaults_oval_intersection, grunt_vaults_focal,
          nicolae_vaults_trapezoid_layered, layout_vaults_omnibox
Vaults:2: nicolae_vaults_alarming, hangedman_vaults_river_flow,
          vaults_room_stairs_pillars, nicolae_vaults_house_1, v_misc_29,
          minmay_crypt_entry_simple_statues, nicolae_vaults_mush_room,
          nicolae_vaults_wine_cellar, hangedman_vaults_slice,
          layout_vaults_omnicross
Vaults:3: nicolae_vaults_network_periphery, hangedman_vaults_restitches,
          v_misc_13, v_pattern_4, nicolae_vaults_octagons, vaults_room_boxed,
          grunt_vaults_twisty, nicolae_vaults_diagonal_hallway_6,
          vaults_dpeg_emergency_exit, ontoclasm_vaults_chip,
          layout_vaults_omnigrid, serial_shops, nicolae_shop_back_alley_shop
Vaults:4: nicolae_vaults_what_the_h, nicolae_vaults_twisting_passages,
          nicolae_vaults_closet_pinwheel_1, nicolae_vaults_more_shelving_2,
          gammafunk_the_bubble [the_bubble_gammafunk_split],
          nicolae_vaults_closet_pinwheel_1, ontoclasm_vaults_shuriken,
          nicolae_vaults_border_crossing, nicolae_vaults_little_squares_1,
          vaults_room_door_ring, grunt_vaults_hallway_long,
          layout_vaults_maze_snakey, serial_shops, nicolae_shop_waterfront,
          uniq_zenata, uniq_mara
Vaults:5
Depths:1: layout_cave_pools, grunt_mini_vestibule, minmay_tree_intersection,
          cheibrodos_ashenzari_chains
Depths:2: hellmonk_destroyed_diamonds, layout_basic, enter_ziggurat_f,
          hell_entry, serial_curves, eino_curves_04, eino_curves_03, pan_entry
Depths:3: dreamdust_merry_men, layout_small_grid, serial_shops,
          nicolae_shop_statue_plus, pf_coc_iceberg, abyss_entry_flame_altar,
          nicolae_dithmenos_shadow_blocks
Depths:4: grunt_zot_entry_alcove, layout_long_grid, serial_shops,
          nicolae_shop_gaudy_bauble, nzn_wu_jian_contemplation,
          pf_dread_powers_of_hell

Skill      XL: |  1  2  3  4  5  6  7  8  9 10 11 12 13 14 15 16 17 18 19 20 21 22 23 24 |
---------------+-------------------------------------------------------------------------+-----
Fighting       | 4 5 6 8 9 11 12 13 15 16 17 18 19 20 21 22 23 24 | 24.0
Shields        | 4 5 6 8 9 11 12 13 15 16 17 18 19 20 21 22 23 | 23.7
Armour         | 4 5 6 8 9 11 12 13 15 16 17 18 19 20 21 22 23 24 | 24.1
Axes           | 3 4 6 7 9 10 11 12 13 14 15 16 17 18 19 20 21 22 23 | 23.9
Throwing       | 4 5 8 10 12 14 15 16 17 18 19 20 21 | 21.3
Invocations    | 1 4 5 7 8 10 11 12 | 12.8

Action                     |  1- 3 |  4- 6 |  7- 9 | 10-12 | 13-15 | 16-18 | 19-21 | 22-24 || total
---------------------------+-------+-------+-------+-------+-------+-------+-------+-------++-------
  Melee: War axe           |    72 |   126 |   271 |   202 |       |       |       |       ||   671
         Headbutt          |    12 |    19 |    64 |    54 |   261 |   343 |   363 |   461 ||  1577
         Broad axe         |       |       |       |    99 |  1096 |  1475 |  1173 |  1434 ||  5277
         Unarmed           |       |       |       |       |       |       |    13 |    22 ||    35
  Throw: Boomerang         |       |       |       |       |    17 |    54 |   233 |   248 ||   552
         Javelin           |       |       |       |       |       |    10 |   298 |    87 ||   395
         Dart              |       |       |       |       |       |     2 |     1 |       ||     3
 Invoke: Heroism           |       |       |       |       |     1 |     2 |       |     3 ||     6
         Receive Armour    |       |       |       |       |     1 |       |       |       ||     1
         Receive Weapon    |       |       |       |       |       |     1 |       |       ||     1
    Use: Potion            |       |       |     1 |     5 |     1 |     3 |     3 |    10 ||    23
         Scroll            |       |       |       |    13 |    14 |     6 |     7 |     8 ||    48
   Stab: Distracted        |       |       |       |       |       |     1 |       |       ||     1
         Confused          |       |       |       |       |       |       |       |     2 ||     2
 Armour: Scale mail        |    54 |   115 |   132 |       |       |       |       |       ||   301
         Plate armour      |       |       |   121 |   290 |   729 |   322 |    23 |       ||  1485
         Quicksilver drago |       |       |       |       |   118 |    58 |       |       ||   176
         Crystal plate arm |       |       |       |       |       |   409 |   672 |       ||  1081
         Skin              |       |       |       |       |       |       |     2 |    17 ||    19
         Gold dragon scale |       |       |       |       |       |       |    38 |   932 ||   970
  Dodge: Dodged            |    26 |    57 |    92 |   104 |   271 |   188 |   188 |   248 ||  1174
  Block: Buckler           |    18 |    34 |    73 |   101 |   171 |       |       |       ||   397
         Kite shield       |       |       |       |       |   337 |  1254 |  1005 |  1339 ||  3935
         Reflection        |       |       |       |       |       |   148 |    81 |    67 ||   296
         Other             |       |       |       |       |       |       |     1 |     1 ||     2

Table legend: (Time is in decaauts)
 A = Elapsed time spent in this place.
 B = Non-inter-level travel time spent in this place.
 C = Inter-level travel time spent in this place.
 D = Time resting spent in this place.
 E = Time spent auto-exploring this place.
 F = Levels seen in this place.
 G = Mean time per level.
                   A        B        C        D        E       F      G
               +--------+--------+--------+--------+--------+-----+--------+
         Total |  82803 |  75783 |   7020 |  30083 |  29794 |  53 | 1562.3 |
       Dungeon |  20926 |  17827 |   3099 |   4608 |  10265 |  15 | 1395.1 |
        Temple |     52 |     26 |     26 |      0 |      0 |   1 |   52.0 |
          Lair |   8089 |   6608 |   1481 |   1211 |   4071 |   5 | 1617.8 |
        Shoals |   8347 |   8129 |    218 |   4048 |   2546 |   4 | 2086.8 |
     Snake Pit |  11184 |  10751 |    433 |   6120 |   2679 |   4 | 2796.0 |
    Slime Pits |   4553 |   4400 |    153 |   2111 |   1360 |   5 |  910.6 |
  Orcish Mines |   2081 |   1873 |    208 |    699 |    686 |   2 | 1040.5 |
   Elven Halls |   5725 |   5374 |    351 |   2470 |   1624 |   3 | 1908.3 |
        Vaults |   8533 |   7721 |    812 |   2139 |   3873 |   5 | 1706.6 |
        Depths |   4135 |   3901 |    234 |    707 |   2116 |   4 | 1033.8 |
         Abyss |    690 |    690 |      0 |    126 |      0 |   2 |  345.0 |
        Bailey |   1761 |   1761 |      0 |   1091 |      1 |   1 | 1761.0 |
      Ice Cave |   2052 |   2052 |      0 |   1193 |    383 |   1 | 2052.0 |
    Desolation |   4667 |   4667 |      0 |   3555 |    186 |   1 | 4667.0 |
               +--------+--------+--------+--------+--------+-----+--------+

Top non-repeatable levels by time:
 Snake:4: 5997 daAuts
Desolation: 4667 daAuts
     D:9: 2839 daAuts
Shoals:3: 2713 daAuts
   Elf:3: 2710 daAuts
Vaults:4: 2610 daAuts
 Snake:3: 2247 daAuts
Vaults:3: 2167 daAuts
  Lair:2: 2107 daAuts
Shoals:1: 2096 daAuts
     D:8: 2090 daAuts
Shoals:4: 2058 daAuts
    D:15: 2057 daAuts
   IceCv: 2052 daAuts
Vaults:2: 2044 daAuts
